 Dungeon Crawl Stone Soup version 0.25.0-9-g26727b657a (webtiles) character file.

Game seed: 10333311001199926103

71307 Delamore the Blocker (level 15, -6/100 HPs)
             Began as a Gargoyle Fighter on June 17, 2020.
             Was the Champion of Okawaru.
             Mangled by a two-headed ogre
             ... wielding a +0 giant club
              (27 damage)
             ... on level 1 of the Depths.
             The game lasted 00:38:28 (21811 turns).

Delamore the Blocker (Gargoyle Fighter)            Turns: 21811, Time: 00:38:29

Health: -6/100     AC: 23    Str: 28    XL:     15   Next: 36%
Magic:  13/18      EV: 10    Int:  4    God:    Okawaru [******]
Gold:   1018       SH: 16    Dex:  9    Spells: 14/14 levels left

rFire    + + +     SeeInvis +   I - +11 lance "Wyrmbane" {slay drac, rPois rF+ rC+ AC+3}
rCold    + . .     Gourm    .   q - +2 kite shield
rNeg     + . .     Faith    +   h - +1 scale mail of the Ditch-Digger {+Fly rF+ rCorr Int-5}
rPois    ∞         Spirit   .   (no helmet)
rElec    +         Reflect  .   F - scarf {repulsion}
rCorr    +         Harm     .   b - +0 pair of gloves "Taxke" {rPois rF+ Str+2}
MR       +....                  (no boots)
Stlth    ..........             u - amulet of faith
HPRegen  0.26/turn              a - ring of see invisible
MPRegen  0.16/turn              T - +4 ring of slaying

@: finesse, repel missiles
A: big wings, negative energy resistance 1, electricity resistance, unbreathing,
petrification resistance, rot immunity, AC +11
a: Fly, Heroism, Finesse, Renounce Religion, Evoke Flight


You were on level 1 of the Depths.
You worshipped Okawaru.
Okawaru was exalted by your worship.
You were not hungry.

You visited 3 branches of the dungeon, and saw 18 of its levels.
You also visited: Sewer and Ossuary.

You collected 3472 gold pieces.
You spent 2454 gold pieces at shops.

Inventory:

Hand Weapons
 I - the +11 lance "Wyrmbane" (weapon) {slay drac, rPois rF+ rC+ AC+3}
   (You took it off Maggie on level 7 of the Dungeon)

   It affects your AC (+3).
   It protects you from fire.
   It protects you from cold.
   It protects you from poison.
Missiles
 H - 7 datura-tipped darts (quivered)
 O - a throwing net
Armour
 b - the +0 pair of gloves "Taxke" (worn) {rPois rF+ Str+2}
   (Okawaru gifted it to you on level 11 of the Dungeon)

   It affects your strength (+2).
   It protects you from fire.
   It protects you from poison.
 h - the +1 scale mail of the Ditch-Digger (worn) {+Fly rF+ rCorr Int-5}
   (Okawaru gifted it to you on level 2 of the Orcish Mines)

   It affects your intelligence (-5).
   It protects you from fire.
   It lets you fly.
   It provides partial protection from all sources of acid and corrosion.
 q - a +2 kite shield (worn)
 B - a +1 cloak of stealth
 F - a scarf of repulsion (worn)
 S - a +0 plate armour
Jewellery
 a - a ring of see invisible (left hand)
 u - an amulet of faith (around neck)
 w - an uncursed ring of protection from cold
 y - a +6 ring of strength
 T - a +4 ring of slaying (right hand)
Wands
 e - a wand of paralysis (9)
 j - a wand of random effects (25)
 l - a wand of polymorph (15)
 m - a wand of iceblast (7)
 J - a wand of disintegration (22)
 M - a wand of flame (29)
 R - a wand of digging (5)
 Z - a wand of acid (10)
Scrolls
 d - a scroll of magic mapping {unknown}
 g - 3 scrolls of fog
 i - 4 scrolls of enchant weapon
 k - 7 scrolls of teleportation
 p - 8 scrolls of remove curse
 s - 4 scrolls of enchant armour
 z - a scroll of brand weapon
 C - a scroll of immolation
 E - 3 scrolls of noise
 U - a scroll of torment
 V - a scroll of summoning
 W - a scroll of holy word
 Y - a scroll of vulnerability
Potions
 c - a potion of magic
 n - 3 potions of heal wounds
 o - 6 potions of stabbing
 r - 4 potions of haste {unknown}
 t - 5 potions of flight
 v - 6 potions of curing
 A - a potion of cancellation {unknown}
 G - 3 potions of berserk rage
 L - a potion of ambrosia
 N - a potion of resistance {unknown}
 P - 2 potions of mutation
 Q - a potion of invisibility
Miscellaneous
 x - a lightning rod (4/4)
Comestibles
 f - 31 rations


   Skills:
 - Level 13.9 Fighting
   Level 12.9 Maces & Flails
 - Level 12.8 Polearms
 - Level 3.2 Armour
 + Level 14.5 Shields
 + Level 4.1 Invocations


You had 14 spell levels left.
You didn't know any spells.
Your spell library contained the following spells:

 Spells                   Type           Power        Failure   Level  Hunger
 Freeze                   Ice            #...         78%         1    ##.....
 Confusing Touch          Hex            #.......     98%         3    ####...
 Frozen Ramparts          Ice            #.....       98%         3    ####...
 Gell's Gravitas          Tloc           #.........   98%         3    ####...
 Ozocubu's Armour         Chrm/Ice       #.......     98%         3    ####...
 Cause Fear               Hex            #.........   100%        4    #####..
 Hailstorm                Conj/Ice       #.......     100%        4    #####..
 Petrify                  Tmut/Erth      #.......     100%        4    #####..
 Summon Ice Beast         Ice/Summ       #.......     100%        4    #####..
 Metabolic Englaciation   Hex/Ice        #.........   100%        5    ######.
 Silence                  Hex/Air        #.........   100%        5    ######.
 Yara's Violent Unravell  Hex/Tmut       #.........   100%        5    ######.
 Discord                  Hex            #.........   100%        8    #######


Dungeon Overview and Level Annotations

Branches:
Dungeon (15/15)            Temple (0/1) D:7            Lair (0/6) D:11
    Orc (2/2) D:10            Elf (0/3) Orc:2        Vaults (0/5) D:14
 Depths (1/5) D:15          Sewer (visited)         Ossuary (visited)

Altars:
Okawaru
The Shining One
Beogh

Shops:
D:6 [   D:9 *   D:14 }   Orc:1 (   Orc:2 ![=*?


Innate Abilities, Weirdness & Mutations

You are resistant to torment.
Your stone body is resilient. (AC +11)
You are immune to poison.
Your large and strong wings let you fly indefinitely.
You resist negative energy. (rN+)
You are resistant to electric shocks. (rElec)
You can survive without breathing.
You are immune to petrification.
You are immune to rotting.


Message History

The two-headed ogre hits you but does no damage.
You block the two-headed ogre's attack.
The two-headed ogre hits you with a +0 giant club!
The ettin closely misses you.
The ettin hits you with a +0 dire flail!!
The ogre mage mumbles some strange words.
The ogre mage flickers and vanishes for a moment.
You block the two-headed ogre's attack. x2
There is a staircase back to the Dungeon here.
You block the two-headed ogre's attack. x2
The two-headed ogre hits you but does no damage.
The two-headed ogre misses you. You block the vampire mage's attack. x2
The ettin hits you with a +0 dire flail!!
* * * LOW HITPOINT WARNING * * *
The ettin completely misses you.
The iron troll bites you but does no damage.
The iron troll barely misses you. The iron troll claws you.
* * * LOW HITPOINT WARNING * * *
The two-headed ogre hits you with a +0 giant club!!
You die...

..... .##
....... #..##.
....... #...O..
..?.... .......
.......##.s....?
................
................
##..≈.VOT.##
#..≈≈.O@C≈.#
#.≈≈≈≈≈OO≈≈..$.
..§§≈≈≈≈≈≈≈.....
..§§§≈≈≈≈≈≈≈.##.
...§§≈§≈≈≈≈.##
....≈≈≈§§≈≈..#
....≈.≈§§§....#
.........§##...


You could see an iron troll, an ettin, 4 two-headed ogres, an ogre mage
(invisible), a vampire mage and a tarantella.

Vanquished Creatures
  Azrael (Orc:2)
  Nessos (D:15)
  An ettin (Orc:1)
  Josephine (D:13)
  2 ogre magi
  2 ice dragons
  A vault guard (D:14)
  2 hydras
  3 death knights
  Erica (D:10)
  3 centaur warriors
  21 two-headed ogres
  3 tengu warriors
  3 unseen horrors
  A flayed ghost (D:14)
  Pikel (D:5)
  2 orc knights
  A deep elf mage (D:14)
  5 orc sorcerers (Orc:2)
  3 cyclopes
  2 manticores
  17 ugly things
  Joseph (D:10)
  3 gargoyles
  Maggie (D:7)
  2 kobold demonologists (D:12)
  A komodo dragon (D:11)
  An efreet (D:12)
  9 trolls
  A tengu conjurer (D:15)
  2 meliai zombies
  6 hippogriffs
  Sigmund (D:4)
  A shadow (D:15)
  9 wraiths
  32 yaks
  Grum (D:10)
  A wyvern (D:8)
  A vampire (D:15)
  A fire elemental (Orc:2)
  2 hungry ghosts
  3 vampire mosquitoes (D:13)
  A steam dragon (D:10)
  Menkaure (D:5)
  2 water moccasins
  5 wargs
  An acid dragon (D:13)
  2 soldier ants
  3 hell hounds (Orc:2)
  Edmund (D:5)
  19 orc warriors
  A hornet zombie (D:8)
  3 porcupines (D:11)
  4 sky beasts
  A black bear (D:6)
  2 necrophages
  4 ice beasts
  4 phantoms
  A slave (D:5)
  An eye of draining (D:15)
  3 wolves (D:10)
  19 ogres
  5 centaurs
  3 crocodiles
  7 big kobolds
  2 elf zombies (D:8)
  19 bullfrogs
  2 elf skeletons (D:8)
  A gnoll sergeant (D:10)
  A wyvern skeleton (D:13)
  6 scorpions
  11 wights (D:10)
  14 killer bees
  6 howler monkeys
  An electric eel (D:12)
  11 crimson imps
  2 bullfrog zombies
  5 centaur zombies
  A bullfrog skeleton (D:12)
  40 orc wizards
  7 hounds
  2 human zombies (Ossuary)
  8 orc priests
  5 centaur skeletons
  4 jellies
  A human skeleton (D:8)
  An iguana (D:9)
  13 worker ants
  A hound zombie (D:8)
  A hound skeleton (D:6)
  4 mummies (Ossuary)
  2 worker ant zombies
  A gnoll (D:10)
  14 adders
  3 river rats (Sewer)
  5 shadow imps
  2 oozes
  7 worms
  A dart slug (D:5)
  7 leopard geckos
  92 orcs
  5 giant cockroaches
  7 goblins
  5 hobgoblins (D:1)
  4 jackals
  6 quokkas
  5 bats
  4 frilled lizards
  2 goblin zombies (Ossuary)
  3 hobgoblin zombies (Ossuary)
  28 kobolds
  An orc skeleton (D:8)
  A quokka skeleton (D:8)
  15 rats
638 creatures vanquished.

Vanquished Creatures (others)
  An unseen horror (D:10)
  An orc (Orc:2)
  2 jackals (D:5)
4 creatures vanquished.

Grand Total: 642 creatures vanquished

Notes
Turn   | Place    | Note
-------+----------+-------------------------------------------
     0 | D:1      | Delamore the Gargoyle Fighter began the quest for the Orb.
     0 | D:1      | Reached XP level 1. HP: 14/14 MP: 1/1
   107 | D:1      | Reached XP level 2. HP: 19/19 MP: 2/2
  1135 | D:2      | Reached XP level 3. HP: 23/23 MP: 3/3
  1909 | D:3      | Reached XP level 4. HP: 28/28 MP: 4/4
  1927 | D:3      | Found an iron altar of Okawaru.
  1941 | D:3      | Became a worshipper of Warmaster Okawaru
  2053 | D:3      | Reached skill level 5 in Maces & Flails
  2053 | D:3      | Reached XP level 5. HP: 8/32 MP: 5/5
  3277 | D:4      | Noticed a phantom
  3278 | D:4      | Noticed Sigmund
  3486 | D:4      | Killed Sigmund
  3486 | D:4      | Reached * piety under Okawaru
  3486 | D:4      | Reached XP level 6. HP: 3/37 MP: 6/6
  3793 | D:3      | Killed a phantom
  3793 | D:3      | Reached XP level 7. HP: 38/41 MP: 7/7
  4372 | D:5      | Entered Level 5 of the Dungeon
  4508 | D:5      | Noticed Pikel
  4530 | D:5      | Killed Pikel
  4530 | D:5      | Reached ** piety under Okawaru
  4530 | D:5      | Reached XP level 8. HP: 28/46 MP: 8/8
  4552 | D:5      | Got a pair of brightly glowing boots
  4558 | D:5      | Identified the cursed -5 pair of boots of Xom's Regard
                  | {rF+} (You found it on level 5 of the Dungeon)
  4631 | D:5      | Reached skill level 10 in Maces & Flails
  4785 | D:5      | Found a glowing drain.
  4815 | Sewer    | Entered a sewer
  4950 | Sewer    | Found a glowing silver altar of Zin.
  5036 | D:5      | Noticed Edmund
  5049 | D:5      | Killed Edmund
  5191 | D:5      | Noticed Menkaure
  5197 | D:5      | Killed Menkaure
  5530 | D:6      | Reached XP level 9. HP: 51/51 MP: 9/9
  5553 | D:6      | Reached *** piety under Okawaru
  5790 | D:6      | Found Plog's Antique Armour Boutique.
  5798 | D:6      | Bought a glowing scarf for 176 gold pieces
  6477 | D:7      | Noticed Maggie
  6490 | D:7      | Killed Maggie
  6498 | D:7      | Reached **** piety under Okawaru
  6512 | D:7      | Reached skill level 1 in Polearms
  6716 | D:7      | Found a staircase to the Ecumenical Temple.
  7122 | D:7      | Reached XP level 10. HP: 56/56 MP: 10/10
  7471 | D:8      | Reached skill level 5 in Polearms
  7560 | D:8      | Found a sand-covered staircase.
  7578 | Ossuary  | Entered an ossuary
  8576 | D:9      | Reached ***** piety under Okawaru
  8783 | D:9      | Noticed a two-headed ogre
  8792 | D:9      | Killed a two-headed ogre
  8792 | D:9      | Received a gift from Okawaru
  8936 | D:9      | Reached XP level 11. HP: 11/60 MP: 11/11
  9459 | D:9      | Noticed a cyclops
  9473 | D:9      | Received a gift from Okawaru
  9478 | D:9      | Killed a cyclops
  9735 | D:9      | Reached skill level 10 in Polearms
  9774 | D:9      | Found Nuheheun's Assorted Antiques.
  9783 | D:9      | Bought a scroll labeled APTEEW HOUWK for 30 gold pieces
  9783 | D:9      | Bought a scroll labeled JIONAAJ TEOTT for 30 gold pieces
 10031 | D:10     | Entered Level 10 of the Dungeon
 10036 | D:10     | Noticed Erica
 10059 | D:10     | Killed Erica
 10099 | D:10     | Noticed Joseph
 10120 | D:10     | Killed Joseph
 10258 | D:10     | Noticed a two-headed ogre
 10258 | D:10     | Noticed an unseen horror
 10278 | D:10     | Killed a two-headed ogre
 10284 | D:10     | Killed an unseen horror
 10293 | D:10     | Received a gift from Okawaru
 10478 | D:10     | Noticed an unseen horror
 10485 | D:10     | Killed an unseen horror
 10777 | D:10     | Found a staircase to the Orcish Mines.
 10780 | D:10     | Reached XP level 12. HP: 62/64 MP: 12/12
 10938 | D:10     | Noticed Grum
 10958 | D:10     | Killed Grum
 11662 | D:11     | Noticed a six-headed hydra
 11671 | D:11     | Killed a six-headed hydra
 11671 | D:11     | Reached skill level 4 in Shields
 11725 | D:11     | Received a gift from Okawaru
 11730 | D:11     | Got a pair of faintly humming gloves {god gift}
 11741 | D:11     | Identified the +0 pair of gloves "Taxke" {rPois rF+ Str+2}
                  | (Okawaru gifted it to you on level 11 of the Dungeon)
 11744 | D:11     | Found a staircase to the Lair.
 12432 | D:12     | Reached ****** piety under Okawaru
 12432 | D:12     | Reached skill level 5 in Fighting
 12432 | D:12     | Reached skill level 5 in Shields
 12462 | D:12     | Noticed a sun demon
 12668 | D:12     | Reached skill level 6 in Shields
 12905 | D:12     | Noticed a two-headed ogre
 12917 | D:12     | Killed a two-headed ogre
 13014 | D:12     | Reached skill level 7 in Shields
 13053 | D:12     | Noticed a two-headed ogre
 13064 | D:12     | Killed a two-headed ogre
 13384 | D:12     | Noticed a two-headed ogre
 13393 | D:12     | Killed a two-headed ogre
 13393 | D:12     | Reached XP level 13. HP: 78/78 MP: 13/13
 13399 | D:12     | Received a gift from Okawaru
 13408 | D:12     | Reached skill level 8 in Shields
 13779 | D:13     | Reached skill level 9 in Shields
 14265 | D:13     | Noticed Josephine
 14277 | D:13     | Killed Josephine
 14638 | D:13     | Reached skill level 10 in Fighting
 14638 | D:13     | Reached skill level 10 in Shields
 14736 | D:13     | Received a gift from Okawaru
 15165 | D:14     | Found Zilopuh's Gadget Shop.
 15608 | D:14     | Reached skill level 11 in Shields
 15774 | D:14     | Gained mutation: Your large and strong wings let you fly
                  | indefinitely. [Gargoyle growth]
 15774 | D:14     | Reached XP level 14. HP: 90/90 MP: 14/14
 16748 | D:14     | Bought a wand of iceblast (11) for 210 gold pieces
 16748 | D:14     | Bought a wand of digging (5) for 252 gold pieces
 16804 | D:14     | Found a gate to the Vaults.
 16827 | D:14     | Reached skill level 12 in Shields
 17313 | D:15     | Entered Level 15 of the Dungeon
 17588 | D:15     | Found a glowing golden altar of the Shining One.
 17588 | D:15     | Noticed Nessos
 17716 | D:15     | Killed Nessos
 17730 | D:14     | Received a gift from Okawaru
 17733 | D:14     | Got a pair of faintly glowing gloves {god gift}
 17747 | D:14     | Identified the +1 pair of gloves of the Dungeon {Harm rF-
                  | Int+3} (Okawaru gifted it to you on level 14 of the
                  | Dungeon)
 17895 | D:15     | Found a staircase to the Depths.
 18196 | D:15     | Reached skill level 13 in Shields
 19261 | Orc:1    | Entered Level 1 of the Orcish Mines
 19267 | Orc:1    | Reached XP level 15. HP: 67/100 MP: 15/15
 19458 | Orc:1    | Found Weakkankea's Weapon Shoppe.
 19605 | Orc:2    | Entered Level 2 of the Orcish Mines
 19641 | Orc:2    | Paralysed by an orc sorcerer for 7 turns
 19764 | Orc:2    | Found Megiat's General Store.
 19764 | Orc:2    | Found Niorghug's Magic Scroll Shop.
 19829 | Orc:2    | Reached skill level 14 in Shields
 20045 | Orc:2    | Reached skill level 1 in Invocations
 20336 | Orc:2    | Noticed Azrael
 20337 | Orc:2    | Found Nufinnoq's Jewellery Shop.
 20343 | Orc:2    | Received a gift from Okawaru
 20353 | Orc:2    | Killed Azrael
 20353 | Orc:2    | Paralysed by an orc sorcerer for 3 turns
 20379 | Orc:2    | Got an ancient scale mail {god gift}
 20390 | Orc:2    | Identified the +1 scale mail of the Ditch-Digger {+Fly rF+
                  | rCorr Int-5} (Okawaru gifted it to you on level 2 of the
                  | Orcish Mines)
 20565 | Orc:2    | Found a staircase to the Elven Halls.
 20801 | Orc:2    | Found Jomapsa's Distillery.
 20801 | Orc:2    | Found Cufurr's Armour Shop.
 20824 | Orc:2    | Found a roughly hewn altar of Beogh.
 21139 | Orc:2    | Bought a scroll of acquirement for 520 gold pieces
 21153 | Orc:2    | Bought a scroll of acquirement for 676 gold pieces
 21234 | Orc:2    | Bought an uncursed amulet of faith for 560 gold pieces
 21753 | Depths:1 | Entered Level 1 of the Depths
 21811 | Depths:1 | Mangled by a two-headed ogre

Illustrated notes

Levels and vault maps discovered:
D:1:      nzn_arrival_crosshair, layout_basic, moated_statue
D:2:      layout_basic
D:3:      layout_basic, okawaru_trees_2
D:4:      layout_cave_pools, uniq_sigmund
D:5:      layout_basic, cheibrodos_sewer_entry_bend, first_ration, uniq_pikel,
          uniq_menkaure, uniq_edmund
D:6:      minmay_evil_eye, layout_loops_ring, serial_shops, shop
D:7:      layout_loops_ring, minmay_temple_entry_large_hall, uniq_maggie
D:8:      layout_loops_ring, nicolae_ossuary_entry_catacombs
D:9:      layout_irregular_city, serial_shops, shop, blue_anna_alchemist
          [blue_anna_fruit_fields, blue_anna_fruit_fields], st_stairs_6
D:10:     layout_irregular_city, kennysheep_orc_monster_closet_entryway,
          uniq_joseph, uniq_grum, uniq_erica
D:11:     layout_stronghold, grunt_lair_entry_orc_guard_hut
D:12:     minmay_octagon_keep, layout_basic, nicolae_water_bricks
D:13:     layout_loops_ring, uniq_josephine
D:14:     layout_irregular_city, david_vaults_5, serial_shops, shop_fountains
D:15:     grunt_enter_depths_hoard, layout_irregular_city, tso_metal_star,
          minmay_door_square, uniq_nessos
Orc:1:    layout_diamond_mine, serial_shops, nicolae_shop_waterfront
Orc:2:    st_orc_town, layout_caves, serial_shops, shop, uniq_azrael
Depths:1: layout_cave_pools, enter_ziggurat_b, grunt_metal_band,
          solitary_fountain, nrook_mini_backslash, drop_trap,
          chequers_serial_rivers_micro_e, bh_walls_and_bars,
          infiniplex_staircase_pool_lava, uniq_asterion

Skill      XL: |  1  2  3  4  5  6  7  8  9 10 11 12 13 14 15 |
---------------+----------------------------------------------+-----
Maces & Flails | 3 4 5 6 7 9 11 12 | 12.9
Polearms       | 3 8 12 | 12.8
Fighting       | 7 11 13 | 13.9
Shields        | 7 11 13 14 | 14.5
Invocations    | 4 |  4.1
Armour         | |  3.2

Action                   |  1- 3 |  4- 6 |  7- 9 | 10-12 | 13-15 || total
-------------------------+-------+-------+-------+-------+-------++-------
Melee: Flail             |   130 |    35 |       |       |       ||   165
       Whip              |       |    93 |   307 |       |       ||   400
       Lance             |       |       |    49 |   853 |  1116 ||  2018
Invok: Finesse           |       |       |       |     2 |     4 ||     6
       Heroism           |       |       |       |     1 |     1 ||     2
Evoke: Wand              |       |       |       |     3 |     4 ||     7
       Lightning rod     |       |       |       |       |     1 ||     1
  Use: Potion            |       |     1 |       |       |     7 ||     8
       Scroll            |       |       |    11 |    10 |     8 ||    29
  Eat: Chunk             |     3 |     6 |    11 |    19 |    22 ||    61
       Ration            |       |       |       |     1 |     2 ||     3
Armor: Scale mail        |    73 |    68 |    80 |       |    22 ||   243
       Chain mail        |       |       |    57 |    60 |       ||   117
       Plate armour      |       |       |       |   242 |   344 ||   586
Dodge: Dodged            |    52 |    44 |    77 |    86 |   125 ||   384
       Repelled          |       |       |       |     6 |    11 ||    17
Block: Kite shield       |    69 |    47 |   135 |   219 |   401 ||   871
